 Dungeon Crawl Stone Soup version 0.20-a0-210-gd6c29eb (webtiles) character file.

2228 KristoblXynda the Ducker (level 9, -1/67 HPs)
             Began as a Red Draconian Hunter on Nov 26, 2016.
             Was an Initiate of Okawaru.
             Slain by a wight
             ... wielding a +4 halberd
              (12 damage)
             ... on level 8 of the Dungeon.
             The game lasted 00:14:20 (5349 turns).

KristoblXynda the Ducker (Red Draconian Hunter)     Turns: 5349, Time: 00:14:21

Health: -1/67      AC: 14    Str: 15    XL:     9   Next: 14%
Magic:  21/21      EV: 16    Int: 14    God:    Okawaru [......]
Gold:   385        SH:  0    Dex: 15    Spells: 8/8 levels left

rFire  + . .     SeeInvis .     s - +0 battleaxe of Xom's Indignation {chop, +Blink rC+ Dex+3}
rCold  + . .     Gourm    .     (armour unavailable)
rNeg   . . .     Faith    .     (shield currently unavailable)
rPois  .         Spirit   .     x - +2 hat
rElec  .         Reflect  .     (no cloak)
rCorr  .         Harm     .     k - +2 pair of gloves
MR     +....                    t - +1 pair of boots
Stlth  ++........               (no amulet)
                                B - ring of magical power
                                n - ring of protection from magic

@: drained
A: breathe fire, unfitting armour, fire resistance 1, cold-blooded, AC +7
a: Breathe Fire, Renounce Religion, Evoke Blink


You were on level 8 of the Dungeon.
You worshipped Okawaru.
Okawaru was noncommittal.
You were not hungry.

You visited 2 branches of the dungeon, and saw 9 of its levels.

You collected 385 gold pieces.

Inventory:

Hand Weapons
 o - a +2 war axe of freezing
 s - the +0 battleaxe of Xom's Indignation (weapon) {chop, +Blink rC+ Dex+3}
   (You acquired it on level 6 of the Dungeon)

   It inflicts extra damage upon your enemies.
   It affects your dexterity (+3).
   It protects you from cold.
   It lets you blink.
Missiles
 b - 13 javelins (quivered)
 c - 2 throwing nets
Armour
 k - a +2 pair of gloves (worn)
 t - a +1 pair of boots (worn)
 x - a +2 hat (worn)
Jewellery
 n - a ring of protection from magic (left hand)
 B - a ring of magical power (right hand)
Wands
 v - a wand of flame (48/48)
 w - a wand of lightning (10/15)
 z - a wand of digging (7/24)
Scrolls
 a - a scroll of summoning {unknown}
 e - 3 scrolls of teleportation
 f - 2 scrolls of enchant armour
 r - a scroll of remove curse
 y - a scroll of immolation
 C - a scroll of fear
Potions
 g - 2 potions of curing
 h - a potion of lignification
 l - a potion of might {unknown}
 m - a potion of flight {unknown}
 p - 3 potions of agility
 A - a potion of haste {unknown}
 D - a potion of cancellation {unknown}
Comestibles
 d - 5 bread rations
 i - 4 slices of pizza
 q - 9 fruits
 u - 5 meat rations


   Skills:
 - Level 2.1(1.6) Fighting
   Level 1.5(1.0) Short Blades
 + Level 6.6(6.0) Axes
 - Level 5.3(4.7) Throwing
 + Level 6.7(6.2) Dodging
 - Level 0.8(0.3) Stealth
 + Level 5.2(4.6) Evocations


You had 8 spell levels left.
You didn't know any spells.

Dungeon Overview and Level Annotations

Branches:
Dungeon (8/15)             Temple (1/1) D:7
   Lair: D:8-11

Altars:
Ashenzari
Cheibriados
Dithmenos
Fedhas
Gozag
Hepliaklqana
Kikubaaqudgha
Makhleb
Nemelex Xobeh
Okawaru
Qazlal
Ru
Sif Muna
Trog
Uskayaw
Vehumet
Xom
Yredelemnul
Zin


Innate Abilities, Weirdness & Mutations

You can breathe blasts of fire.
Your fiery red scales are hard. (AC +7)
You cannot fit into any form of body armour.
Your flesh is heat resistant. (rF+)
You are cold-blooded and may be slowed by cold attacks.


Message History

Things that are here:
an enchanted halberd; a robe You barely miss the wight.
The wight hits you with an enchanted halberd.
You barely miss the wight.
The wight hits you with an enchanted halberd!
* * * LOW HITPOINT WARNING * * *
You feel drained.
* * * LOW HITPOINT WARNING * * *
The wight barely misses you.
You barely miss the wight.
The wight hits you with an enchanted halberd!
* * * LOW HITPOINT WARNING * * *
You barely miss the wight. The wight misses you.
You barely miss the wight.
Your tail-slap misses the wight.
The wight barely misses you.
You hit the wight.
The wight is moderately damaged.
The wight hits you with an enchanted halberd!
You die...

#.........#
#.........#
#......(!.#
#......<..#
#...$.....#
#....(....#
#...).....#
#..)))....#
#.z@......#
#.$.......#
#.........#
#.........#
..........#
###.......##
##.....##
#.!....


You could see a wight.

Vanquished Creatures
  A steam dragon (D:7)
  Edmund (D:4)
  Duvessa (D:6)
  A black bear (D:6)
  4 ogres
  A phantom (D:6)
  A centaur (D:8)
  2 bullfrogs
  Dowan (D:6)
  A water moccasin zombie (D:5)
  A scorpion (D:5)
  4 wights (D:8)
  5 crimson imps
  A quasit (D:5)
  A centaur skeleton (D:4)
  A jelly (D:5)
  3 orc wizards
  Jessica (D:3)
  A bullfrog skeleton (D:6)
  An iguana (D:5)
  5 worker ants
  A hound skeleton (D:6)
  Robin (D:3)
  7 adders
  8 river rats (D:5)
  2 shadow imps (D:5)
  3 oozes
  An adder skeleton (D:5)
  An adder zombie (D:4)
  2 worms (D:2)
  3 leopard geckos
  9 orcs
  A ball python (D:1)
  12 bats
  4 giant cockroaches
  14 goblins
  7 hobgoblins
  7 jackals
  5 quokkas (D:5)
  6 frilled lizards
  9 kobolds
  A leopard gecko skeleton (D:5)
  A leopard gecko zombie (D:6)
  A quokka zombie (D:7)
  23 rats
167 creatures vanquished.

Notes
Turn   | Place    | Note
-------+----------+-------------------------------------------
     0 | D:1      | KristoblXynda the Draconian Hunter began the quest for the Orb.
     0 | D:1      | Reached XP level 1. HP: 17/17 MP: 1/1
   125 | D:1      | Reached XP level 2. HP: 16/24 MP: 2/2
   351 | D:1      | Reached skill level 1 in Short Blades
   532 | D:1      | Reached XP level 3. HP: 27/29 MP: 3/3
  1475 | D:3      | Reached skill level 1 in Axes
  1475 | D:3      | Reached XP level 4. HP: 26/36 MP: 4/4
  1622 | D:3      | Found a bloodstained altar of Trog.
  1624 | D:3      | Found a basalt altar of Yredelemnul.
  1818 | D:3      | Noticed Robin
  1833 | D:3      | Killed Robin
  1833 | D:3      | Reached XP level 5. HP: 35/41 MP: 5/5
  1928 | D:3      | Noticed Jessica
  1941 | D:3      | Killed Jessica
  2305 | D:4      | Reached XP level 6. HP: 48/48 MP: 6/6
  2334 | D:4      | Noticed Edmund
  2356 | D:4      | Killed Edmund
  2356 | D:4      | Reached skill level 5 in Throwing
  2508 | D:4      | Found a blossoming altar of Fedhas.
  2622 | D:5      | Entered Level 5 of the Dungeon
  2978 | D:5      | Your scales start taking on a fiery red colour.
  2978 | D:5      | Reached XP level 7. HP: 34/55 MP: 7/7
  2978 | D:5      | Gained mutation: Your flesh is heat resistant. (rF+) [Red Draconian growth]
  2982 | D:5      | Reached skill level 1 in Evocations
  3446 | D:5      | Reached skill level 5 in Dodging
  3593 | D:6      | Reached XP level 8. HP: 58/61 MP: 10/10
  3616 | D:6      | Noticed Dowan
  3620 | D:6      | Noticed Duvessa
  3684 | D:6      | Killed Duvessa
  3684 | D:6      | Reached skill level 5 in Axes
  3699 | D:6      | Killed Dowan
  4086 | D:6      | Identified a scroll of acquirement
  4089 | D:6      | Got an encrusted battleaxe
  4090 | D:6      | Identified the +0 battleaxe of Xom's Indignation {chop, +Blink rC+ Dex+3} (You acquired it on level 6 of the Dungeon)
  4598 | D:7      | Found a staircase to the Ecumenical Temple.
  4631 | Temple   | Entered the Ecumenical Temple
  4635 | Temple   | Became a worshipper of Warmaster Okawaru
  5227 | D:7      | Reached XP level 9. HP: 67/67 MP: 12/12
  5244 | D:7      | Found an ancient bone altar of Kikubaaqudgha.
  5308 | D:8      | Reached skill level 5 in Evocations
  5349 | D:8      | Slain by a wight

Vault maps used:
D:1:      kennysheep_arrival_seaside
D:2:      guppyfry_early_lair_pool
D:3:      minitemple, first_bread, uniq_robin, uniq_jessica
D:4:      fedhas_altar_4, uniq_edmund
D:5:      lemuel_ratsnest
D:6:      uniq_duvessa
D:7:      kiku_gazebo_garden_becter
D:8:      elyvilon_altar_3, uniq_prince_ribbit1, uniq_maurice
Temple:   kb_temple_of_zot

Skill      XL: |  1  2  3  4  5  6  7  8  9 |
---------------+----------------------------+-----
Dodging        | 2 3 4 5 6 |  6.7
Short Blades   | 1 |  1.5
Throwing       | 4 5 |  5.3
Axes           | 1 2 3 4 6 |  6.6
Evocations     | 3 4 5 |  5.2
Fighting       | |  2.1
Stealth        | |  0.8

Action                   |  1- 3 |  4- 6 |  7- 9 || total
-------------------------+-------+-------+-------++-------
Melee: Short sword       |    55 |       |       ||    55
       Tailslap          |    16 |    20 |    19 ||    55
       Dagger            |    55 |       |       ||    55
       War axe           |    39 |   122 |   116 ||   277
       Dire flail        |       |    17 |       ||    17
       Battleaxe         |       |       |   127 ||   127
Throw: Javelin           |       |     2 |    10 ||    12
 Abil: Breathe Fire      |       |       |     5 ||     5
  Use: Potion            |     2 |       |     2 ||     4
       Scroll            |       |    12 |     5 ||    17
 Stab: Sleeping          |     3 |     2 |     2 ||     7
  Eat: Chunk             |     1 |     3 |     4 ||     8
       Beef jerky        |     1 |     1 |     2 ||     4
       Fruit             |       |     1 |       ||     1
       Pizza             |       |       |     1 ||     1
Armor: Skin              |    85 |    65 |   130 ||   280
Dodge: Dodged            |   123 |   159 |   218 ||   500
